 Dungeon Crawl Stone Soup version 0.31-a0-182-gc5ef74bbde (webtiles) character file.

Game seed: 3702580135373088018

76 frimble the Ruffian (level 4, 0/29 HPs)
             Began as an Octopode Warper on June 20, 2023.
             Slain by a centaur (1 damage)
             ... on level 3 of the Dungeon.
             The game lasted 00:01:55 (1525 turns).

frimble the Ruffian (Octopode Warper)               Turns: 1525, Time: 00:01:56

Health: 0/29       AC:  1    Str: 12    XL:     4   Next: 32%
Magic:  7/7        EV: 13    Int: 15    God:
Gold:   77         SH:  5    Dex: 11    Spells: 7/7 levels left

rFire   . .          .
                       - Unarmed
rCold   . . .        (no shield)
rNeg    . . .        (helmet restricted)
rPois   .            c - amulet of reflection
rElec   .            (no ring)
rCorr   .            (no ring)
SInv    .            (no ring)
Will    .....        (no ring)
Stlth   +++          (no ring)
HPRegen 0.24/turn    (no ring)
MPRegen 0.10/turn    (no ring)
                     (no ring)

%: reflection
@: hasted, very quick
A: almost no armour, amphibious, 8 rings, camouflage 1, gelatinous body 1,
(nimble swimmer 1), tentacles
a: no special abilities


You were on level 3 of the Dungeon.
You visited 1 branch of the dungeon, and saw 3 of its levels.

You collected 77 gold pieces.

Inventory:

Missiles
 b - 7 boomerangs of dispersal
 d - 9 poisoned darts (quivered)
Jewellery
 c - an amulet of reflection (around mantle)
Scrolls
 a - a scroll of blinking
 l - a scroll of enchant weapon {unknown}
Potions
 e - a potion of might {unknown}
 g - a potion of berserk rage {unknown}
 h - a potion of brilliance
 i - a potion of heal wounds
 j - a potion of attraction
 k - a potion of cancellation {unknown}
 m - a potion of resistance {unknown}
 n - a potion of curing {unknown}


   Skills:
 - Level 2.0 Fighting
 + Level 2.3 Throwing
 - Level 2.3 Dodging
 + Level 2.4 Stealth
 + Level 3.2 Unarmed Combat
 - Level 2.0 Spellcasting
 - Level 3.0 Translocations


You had 7 spell levels left.
You didn't know any spells.
Your spell library contained the following spells:

 Spells                   Type           Power      Damage    Failure   Level
 Blink                    Tloc           20%        N/A       10%         2
 Lesser Beckoning         Tloc           20%        N/A       10%         2
 Teleport Other           Tloc           10%        N/A       19%         3
 Magic Dart               Conj           4%         1d3       22%         1
 Call Imp                 Summ           2%         N/A       32%         2
 Scorch                   Fire           2%         2d5       32%         2
 Vhi's Electric Charge    Tloc/Air       12%        N/A       34%         3
 Mephitic Cloud           Conj/Pois/Air  1%         N/A       54%         3
 Manifold Assault         Tloc           10%        N/A       54%         4
 Flame Wave               Conj/Fire      1%         2d4       91%         4
 Summon Cactus Giant      Summ           0%         N/A       100%        6


Dungeon Overview and Level Annotations

Branches:
Dungeon (3/15)

Altars:
Qazlal


Innate Abilities, Weirdness & Mutations

You cannot wear most types of armour.
You are amphibious.
You can wear up to eight rings at the same time.
Your skin changes colour to match your surroundings (Stealth+).
Your rubbery body absorbs attacks. (AC +1, EV +1)
((You are camouflaged when in or above water. (Stealth+)))
You have tentacles for arms and can constrict up to eight enemies at once.


Message History

A kobold comes into view. It is wielding a +0 dagger.
The kobold shouts!
The centaur shouts!
The centaur wields a +0 orcbow.
The centaur shoots an arrow.
The arrow barely misses you.
A hobgoblin comes into view.
The kobold hits you with a +0 dagger.
You feel yourself speed up.
The hobgoblin shouts!
The centaur unwields a +0 orcbow.
The centaur barely misses you. x2
The kobold hits you with a +0 dagger. The centaur barely misses you.
The centaur misses you.
You barely miss the kobold. You grab the kobold.
You constrict the kobold, but do no damage.
You block the kobold's attack.
The centaur hits you but does no damage.
The centaur kicks you.
You tentacle-slap the centaur but do no damage.
You constrict the kobold. You block the kobold's attack. The centaur hits you.
The centaur kicks you.
You tentacle-slap the centaur. Your squeeze misses the centaur.
The centaur is lightly wounded.
You constrict the kobold, but do no damage.
You block the centaur's attack. The centaur misses you.
You barely miss the centaur. You squeeze the centaur!
The centaur is heavily wounded.
You constrict the kobold. The kobold hits you with a +0 dagger.
The centaur hits you. The centaur barely misses you.
You barely miss the centaur.
The centaur is heavily wounded.
You constrict the kobold, but do no damage.
The centaur hits you. The centaur kicks you.
* * * LOW HITPOINT WARNING * * *
The kobold hits you with a +0 dagger.
* * * LOW HITPOINT WARNING * * *
You tentacle-slap the centaur.
The centaur is almost dead.
You constrict the kobold. The centaur hits you.
* * * LOW HITPOINT WARNING * * *
The centaur kicks you.
You die...

#...# #.#
#...########.########
#(..##.. ....##......
####.# #.#
#..##.#####
.....##.####..##.#
.###.#. .....#.....#
.......##.##.#.#####
##...g...##.#.#
#..>.K@.......#
......c###...###
##.#.###E#...#E# #
###...###
...........#
......_.....#
.............#
...###...###.#
..#E#...#E#.#


You could see an air elemental, a centaur, a hobgoblin and a kobold.

Vanquished Creatures
  An adder (D:2)
  A dart slug (D:2)
  6 ball pythons
  4 endoplasms
  3 giant cockroaches (D:1)
  4 goblins
  10 hobgoblins
  5 jackals
  6 kobolds
  3 quokkas (D:1)
  9 bats
  2 frilled lizards (D:2)
  3 rats
57 creatures vanquished.

Notes
Turn   | Place    | Note
-------+----------+-------------------------------------------
     0 | D:1      | frimble the Octopode Warper began the quest for the Orb.
     0 | D:1      | Reached XP level 1. HP: 14/14 MP: 3/3
   135 | D:1      | Reached XP level 2. HP: 13/19 MP: 5/5
   351 | D:1      | Reached skill level 1 in Stealth
   417 | D:1      | Reached XP level 3. HP: 24/24 MP: 6/6
   890 | D:2      | Found a faded altar of an unknown god.
  1011 | D:2      | Reached XP level 4. HP: 25/29 MP: 7/7
  1509 | D:3      | Noticed a fire elemental
  1511 | D:3      | Found a stormy altar of Qazlal.
  1513 | D:3      | Noticed an air elemental
  1513 | D:3      | Noticed a water elemental
  1513 | D:3      | Noticed an earth elemental
  1515 | D:3      | Noticed a centaur
  1525 | D:3      | HP: 1/29 [centaur (4)]
  1525 | D:3      | Slain by a centaur

Illustrated notes

Levels and vault maps discovered:
D:1:      dpeg_arrival_radiant, layout_loops_cross
D:2:      layout_rooms, hellmonk_ecumenical_altar_dog_temple
D:3:      layout_loops_cross, nicolae_qazlal_style_of_elements, minivault_23,
          dreamdust_wishing_well

Skill      XL: |  1  2  3 |
---------------+----------+-----
Stealth        | 1 2 |  2.4
Unarmed Combat | 3 |  3.2
Throwing       | 2 |  2.3
Fighting       | |  2.0
Dodging        | |  2.3
Spellcasting   | |  2.0
Translocations | |  3.0

Action                     |  1- 3 |  4- 6 || total
---------------------------+-------+-------++-------
  Melee: Unarmed           |   112 |    24 ||   136
         Tentacles         |    25 |     3 ||    28
         Constrict         |    28 |     4 ||    32
         Punch             |     2 |       ||     2
  Throw: Dart              |     1 |       ||     1
    Use: Scroll            |     7 |     2 ||     9
         Potion            |       |     1 ||     1
   Stab: Sleeping          |     5 |     4 ||     9
 Armour: Skin              |    14 |     2 ||    16
  Dodge: Dodged            |    87 |    11 ||    98
  Block: Other             |     5 |    10 ||    15

Table legend: (Time is in decaauts)
 A = Elapsed time spent in this place.
 B = Non-inter-level travel time spent in this place.
 C = Inter-level travel time spent in this place.
 D = Time resting spent in this place.
 E = Time spent auto-exploring this place.
 F = Levels seen in this place.
 G = Mean time per level.
                   A        B        C        D        E       F      G
               +--------+--------+--------+--------+--------+-----+--------+
         Total |   1515 |   1475 |     40 |      4 |   1104 |   3 |  505.0 |
       Dungeon |   1515 |   1475 |     40 |      4 |   1104 |   3 |  505.0 |
               +--------+--------+--------+--------+--------+-----+--------+

Top non-repeatable levels by time:
     D:1: 854 daAuts
     D:2: 412 daAuts
     D:3: 247 daAuts
